[Event "1st Archibald 2019"]
[Site "Sochi"]
[Date "2019.05.13"]
[Round "2.17"]
[White "Novikov, Evgenij"]
[Black "Guseva, Marina"]
[Result "0-1"]
[ECO "D00"]
[WhiteElo "2148"]
[BlackElo "2402"]
[Annotator "ChessBase"]
[PlyCount "150"]
[EventDate "2019.05.12"]
[EventType "swiss"]
[EventCountry "RUS"]
[SourceTitle "playchess.com"]
[Source "ChessBase"]
[SourceQuality "1"]
[TimeControl "5400+30"]

1. d4 d5 2. Bf4 Nf6 3. e3 c5 4. c3 Nc6 5. Nd2 cxd4 6. exd4 Bf5 7. Ngf3 e6 8. Be2 Bd6 9. Bxd6 Qxd6 10. Nh4 Bg6 11. O-O O-O 12. Nxg6 hxg6 13. Bd3 Rab8 14. Qe2 a6 15. f4 Rfc8 16. Nf3 b5 17. a3 Ne7 18. Ne5 Qb6 19. g4 Rc7 20. h4 a5 21. h5 gxh5 22. g5 Ne4 23. Qxh5 Nf5 24. g6 f6 25. Nf3 Nh6 26. Rfe1 Qc6 27. Rac1 Re7 28. b3 Nxc3 29. b4 axb4 30. axb4 Rc8 31. Rc2 Qd6 32. Rec1 Rec7 33. Qh2 Kf8 34. Qd2 Ne4 35. Qe2 Qxf4 36. Rxc7 Rxc7 37. Rxc7 Qxc7 38. Bxe4 dxe4 39. Qxe4 Qd7 40. Qa8+ Qe8 41. Qe4 Nf5 42. Qg4 Qc6 43. Qf4 Qd6 44. Qe4 Ke7 45. Qb7+ Qd7 46. Qb6 Nd6 47. Qc5 Qc8 48. Kg2 Qb7 49. d5 Qxd5 50. Qc7+ Kf8 51. Qd7 f5 52. Kh2 Qa2+ 53. Kh3 Qd5 54. Kh2 Qa2+ 55. Kh3 Qa6 56. Qxe6 Qc6 57. Kh2 Qc2+ 58. Kg1 Qb1+ 59. Kg2 Qxb4 60. Ne5 Qd2+ 61. Kg1 Qg5+ 62. Kf1 Qe7 63. Qd5 b4 64. Qa8+ Qe8 65. Qd5 Qb5+ 66. Qxb5 Nxb5 67. Ke2 b3 68. Kd2 Ke7 69. Nc6+ Kf6 70. Na5 Nd4 71. Kc3 Kxg6 72. Nc4 Ne6 73. Nd2 Kg5 74. Nxb3 Kf4 75. Kd2 g5 0-1

[Event "1st Archibald 2019"]
[Site "Sochi"]
[Date "2019.05.13"]
[Round "2.18"]
[White "Ufimtsev, Egor"]
[Black "Solozhenkina, Elizaveta"]
[Result "0-1"]
[ECO "A37"]
[WhiteElo "2101"]
[BlackElo "2329"]
[Annotator "ChessBase"]
[PlyCount "75"]
[EventDate "2019.05.12"]
[EventType "swiss"]
[EventCountry "RUS"]
[SourceTitle "playchess.com"]
[Source "ChessBase"]
[SourceQuality "1"]
[TimeControl "5400+30"]

1. c4 c5 2. Nf3 Nc6 3. Nc3 e5 4. g3 g6 5. Bg2 Bg7 6. O-O Nge7 7. Ne1 O-O 8. Nc2 d6 9. Ne3 Be6 10. Ned5 Rb8 11. d3 a6 12. a4 h6 13. Rb1 Nb4 14. Nxb4 cxb4 15. Nd5 b5 16. Nxe7+ Qxe7 17. axb5 axb5 18. b3 bxc4 19. bxc4 Rfd8 20. Qb3 Qd7 21. Bd2 Bf8 22. Bd5 Bxd5 23. cxd5 Rb5 24. Rfc1 Rdb8 25. Kg2 Kg7 26. Rc6 Be7 27. e4 Bg5 28. Bxg5 hxg5 29. Rbc1 Rh8 30. Rh1 Qh3+ 31. Kg1 Ra8 32. Rc1 Ra3 33. Qb2 Rb7 34. Rd1 Rc3 35. Qe2 b3 36. Qf1 g4 37. f3 Rc2 38. Qe1 0-1

[Event "1st Archibald 2019"]
[Site "Sochi"]
[Date "2019.05.13"]
[Round "2.19"]
[White "Gharagyozyan, Artur"]
[Black "Kazimov, Farhan"]
[Result "1-0"]
[ECO "C02"]
[WhiteElo "2321"]
[BlackElo "2146"]
[Annotator "ChessBase"]
[PlyCount "159"]
[EventDate "2019.05.12"]
[EventType "swiss"]
[EventCountry "RUS"]
[SourceTitle "playchess.com"]
[Source "ChessBase"]
[SourceQuality "1"]
[TimeControl "5400+30"]

1. e4 e6 2. d4 d5 3. e5 c5 4. c3 Nc6 5. Nf3 Qb6 6. Be2 Nh6 7. b3 cxd4 8. cxd4 Bb4+ 9. Kf1 Nf5 10. Bb2 h5 11. g3 Bd7 12. Nc3 Rc8 13. Na4 Qd8 14. h4 Na5 15. Nc5 Bxc5 16. dxc5 b6 17. cxb6 Qxb6 18. Nd4 Nc4 19. Nxf5 Nxb2 20. Nxg7+ Kf8 21. Qd2 Kxg7 22. Qxb2 d4 23. Rd1 Bc6 24. Rg1 Rcd8 25. g4 Qc5 26. gxh5+ Kf8 27. Rc1 Qd5 28. Qa3+ Ke8 29. Rc5 Qe4 30. f3 Qf5 31. Rxc6 d3 32. Rd6 dxe2+ 33. Kf2 Qxe5 34. Rxd8+ Kxd8 35. Qxa7 Ke8 36. Qa8+ Ke7 37. Qb7+ Kf8 38. Qb4+ Ke8 39. Qe4 Qh2+ 40. Rg2 Qh1 41. Qc6+ Ke7 42. Qc5+ Ke8 43. Qb5+ Kf8 44. Qxe2 Qxh4+ 45. Kf1 Rxh5 46. Qe4 Qh1+ 47. Kf2 Ke7 48. Qb4+ Kf6 49. Qc3+ e5 50. Qc6+ Ke7 51. Qc7+ Ke6 52. Qc8+ Ke7 53. Qg4 Rh2 54. Qg5+ f6 55. Qg7+ Ke8 56. a4 Rxg2+ 57. Qxg2 Qh7 58. Ke3 Qb1 59. Qg8+ Ke7 60. Qd5 Qa1 61. Kd3 f5 62. Kc4 Kf6 63. a5 Qc1+ 64. Kb5 Qf1+ 65. Kb6 Qf2+ 66. Kb7 Qd4 67. Qc6+ Kg5 68. a6 Qb4+ 69. Qb6 Qe7+ 70. Kc8 Kf4 71. a7 Qe8+ 72. Kb7 Qe7+ 73. Kc6 Qa3 74. Qb7 Qc1+ 75. Kd7 Qd1+ 76. Ke8 e4 77. a8=Q exf3 78. Qab8+ Ke3 79. Qb6+ Ke2 80. Qh2+ 1-0

[Event "1st Archibald 2019"]
[Site "Sochi"]
[Date "2019.05.13"]
[Round "2.20"]
[White "Maltsevskaya, Aleksandra"]
[Black "Kiriushin, Vladimir"]
[Result "1/2-1/2"]
[ECO "C14"]
[WhiteElo "2299"]
[BlackElo "2041"]
[Annotator "ChessBase"]
[PlyCount "130"]
[EventDate "2019.05.12"]
[EventType "swiss"]
[EventCountry "RUS"]
[SourceTitle "playchess.com"]
[Source "ChessBase"]
[SourceQuality "1"]
[TimeControl "5400+30"]

1. e4 e6 2. d4 d5 3. Nc3 Nf6 4. Bg5 Be7 5. e5 Nfd7 6. h4 h6 7. Bxe7 Qxe7 8. Qg4 O-O 9. O-O-O c5 10. Nf3 cxd4 11. Nb5 Nc6 12. Qh5 f6 13. Nbxd4 Ndxe5 14. Nxc6 Nxc6 15. Bd3 f5 16. g4 Qf7 17. Qxf7+ Rxf7 18. gxf5 e5 19. c4 Bxf5 20. cxd5 Bxd3 21. Rxd3 e4 22. Re3 Rxf3 23. dxc6 Rc8 24. Rxf3 exf3 25. Kd2 Rxc6 26. Ke3 Rc2 27. Rb1 g6 28. Kxf3 Kf7 29. Kg3 Kf6 30. a4 b6 31. b4 Ra2 32. a5 bxa5 33. b5 Ra3+ 34. f3 h5 35. Rc1 Rb3 36. Rc5 a4 37. Rc6+ Kf5 38. Rc5+ Ke6 39. Rc6+ Kf5 40. Ra6 Rxb5 41. Rxa7 Rb4 42. Ra6 Rc4 43. Ra5+ Ke6 44. Ra6+ Kf5 45. Rb6 a3 46. Rb5+ Ke6 47. Ra5 Rc3 48. Kf4 Rc4+ 49. Kg5 Rc3 50. Ra6+ Kd7 51. Ra7+ Kc6 52. Kxg6 Rxf3 53. Kxh5 Kb6 54. Ra8 Rf5+ 55. Kg6 Ra5 56. Rb8+ Kc5 57. Rb1 a2 58. Ra1 Kb4 59. h5 Kb3 60. h6 Ra6+ 61. Kg7 Ra7+ 62. Kg6 Ra6+ 63. Kg5 Ra5+ 64. Kg4 Ra4+ 65. Kg5 Ra5+ 1/2-1/2

[Event "1st Archibald 2019"]
[Site "Sochi"]
[Date "2019.05.13"]
[Round "2.21"]
[White "Yakimenko, Alexander A."]
[Black "Alexeev, Alexey"]
[Result "1/2-1/2"]
[ECO "C15"]
[WhiteElo "2059"]
[BlackElo "2292"]
[Annotator "ChessBase"]
[PlyCount "143"]
[EventDate "2019.05.12"]
[EventType "swiss"]
[EventCountry "RUS"]
[SourceTitle "playchess.com"]
[Source "ChessBase"]
[SourceQuality "1"]
[TimeControl "5400+30"]

1. e4 e6 2. d4 d5 3. Nc3 Bb4 4. Nge2 Nc6 5. a3 Ba5 6. Be3 Nf6 7. e5 Ng4 8. Qd3 f6 9. exf6 Qxf6 10. f4 Bd7 11. O-O-O O-O-O 12. g3 Be8 13. Bg2 Bg6 14. Qd2 Qe7 15. Kb1 Nf6 16. Qc1 Bxc3 17. Nxc3 Na5 18. Ka2 Nc4 19. Rde1 Qf7 20. Rhf1 h5 21. h3 Bf5 22. Bf2 Qg6 23. b3 Nd6 24. Kb2 Nfe4 25. Nxe4 Bxe4 26. Bxe4 Nxe4 27. Qe3 Qf5 28. h4 Rh6 29. Re2 Rg6 30. Be1 Qf6 31. Ka2 c5 32. dxc5 Rxg3 33. Rf3 Rxf3 34. Qxf3 Nxc5 35. Qxh5 Qxf4 36. Bb4 Ne4 37. Qg6 Qe5 38. Rg2 Rd7 39. Qe8+ Kc7 40. Qa8 Nc3+ 41. Bxc3 Qxc3 42. Qxa7 e5 43. Qf2 Kb8 44. Kb1 e4 45. Qg3+ Qxg3 46. Rxg3 Kc7 47. Rg6 d4 48. Kc1 Rf7 49. Kd2 Rf2+ 50. Kd1 e3 51. Rxg7+ Kc6 52. Rg5 Rd2+ 53. Kc1 Rh2 54. Kd1 Rd2+ 55. Kc1 Rh2 56. Kd1 Rxh4 57. Ke2 Rh2+ 58. Kd1 Rd2+ 59. Kc1 Kd6 60. a4 Rh2 61. Kd1 Rd2+ 62. Kc1 Rh2 63. Kd1 Rh1+ 64. Ke2 Rc1 65. c4 dxc3 66. Kxe3 Rd1 67. Rg2 Kc5 68. Rg4 b5 69. axb5 Kxb5 70. Rc4 c2 71. Rxc2 Kb4 72. Rd2 1/2-1/2

[Event "1st Archibald 2019"]
[Site "Sochi"]
[Date "2019.05.13"]
[Round "2.22"]
[White "Makoveev, Ilya"]
[Black "Zagrekov, Alexey"]
[Result "1-0"]
[ECO "B15"]
[WhiteElo "2290"]
[BlackElo "1991"]
[Annotator "ChessBase"]
[PlyCount "65"]
[EventDate "2019.05.12"]
[EventType "swiss"]
[EventCountry "RUS"]
[SourceTitle "playchess.com"]
[Source "ChessBase"]
[SourceQuality "1"]
[TimeControl "5400+30"]

1. e4 c6 2. d4 d5 3. f3 g6 4. Nc3 Bg7 5. Be3 e6 6. Qd2 Nd7 7. O-O-O a6 8. h4 Qa5 9. h5 b5 10. Kb1 Nb6 11. Bf4 b4 12. Nce2 Nc4 13. Qe1 Ne7 14. Nc1 Bb7 15. Bxc4 dxc4 16. Bd6 Qb5 17. Bxb4 a5 18. Bc5 Bf6 19. Nge2 Bc8 20. Nc3 Qb7 21. e5 Rb8 22. b3 Bg7 23. Ne4 Qa8 24. Nd6+ Kd7 25. Nxf7 Nd5 26. h6 Rg8 27. hxg7 Rxg7 28. Nd6 a4 29. Nxc4 Qa6 30. Ka1 axb3 31. cxb3 Rxb3 32. Nxb3 Qxc4 33. Rc1 1-0

[Event "1st Archibald 2019"]
[Site "Sochi"]
[Date "2019.05.14"]
[Round "3.3"]
[White "Esipenko, Andrey"]
[Black "Gareyev, Timur"]
[Result "1/2-1/2"]
[ECO "E12"]
[WhiteElo "2620"]
[BlackElo "2570"]
[Annotator "RC"]
[PlyCount "93"]
[EventDate "2019.05.12"]
[EventType "swiss"]
[EventCountry "RUS"]
[SourceTitle "playchess.com"]
[Source "ChessBase"]
[SourceQuality "1"]
[TimeControl "5400+30"]

1. d4 Nf6 2. Nf3 e6 3. c4 b6 4. a3 Ba6 5. Qc2 Bb7 6. Nc3 c5 7. e4 cxd4 8. Nxd4 Bc5 9. Nb3 Nc6 10. f3 a6 11. Nxc5 bxc5 12. Be3 Nd4 13. Qf2 e5 14. Bd3 O-O 15. b4 d6 16. O-O a5 17. bxc5 dxc5 18. Nd5 Nxd5 19. exd5 Ba6 20. Rfe1 Rb8 21. Rab1 Rxb1 22. Rxb1 Qf6 23. Qb2 Bc8 24. Be4 Qa6 25. Bxd4 exd4 26. Qb5 f5 27. Qxa6 Bxa6 28. Bd3 Rf6 29. Rb8+ Kf7 30. f4 g6 31. Kf2 Ke7 32. Ke2 Kd7 33. Kd2 Kc7 34. Rh8 Rf7 35. Ra8 Kb6 36. Re8 Rf6 37. Re7 h5 38. g3 Rd6 39. Rf7 Bc8 40. Bc2 Bd7 41. Rf8 Kb7 42. Rd8 Kc7 43. Ra8 Kb6 44. Rb8+ Kc7 45. Ra8 Kb6 46. Rb8+ Kc7 47. Ra8 1/2-1/2

[Event "1st Archibald 2019"]
[Site "Sochi"]
[Date "2019.05.14"]
[Round "3.11"]
[White "Makoveev, Ilya"]
[Black "Kovalchuk, Alexey"]
[Result "1/2-1/2"]
[ECO "B90"]
[WhiteElo "2290"]
[BlackElo "2410"]
[Annotator "RC"]
[PlyCount "78"]
[EventDate "2019.05.12"]
[EventType "swiss"]
[EventCountry "RUS"]
[SourceTitle "playchess.com"]
[Source "ChessBase"]
[SourceQuality "1"]
[TimeControl "5400+30"]

1. e4 c5 2. Nf3 d6 3. d4 cxd4 4. Nxd4 Nf6 5. Nc3 a6 6. f3 e5 7. Nb3 Be6 8. Be3 h5 9. Qd2 Nbd7 10. O-O-O Rc8 11. Kb1 Be7 12. Bd3 b5 13. h3 Nb6 14. Qf2 Nc4 15. Bxc4 Rxc4 16. g4 b4 17. Nd5 Bxd5 18. exd5 Qa8 19. Na5 Rc8 20. Qd2 hxg4 21. fxg4 O-O 22. g5 Ne4 23. Qg2 f5 24. gxf6 Nxf6 25. Nc6 Rf7 26. Rhf1 Rc7 27. Rf5 e4 28. Bd4 Rxc6 29. dxc6 Qxc6 30. Bxf6 Bxf6 31. Rfd5 Qe8 32. Qe2 e3 33. R1d3 Re7 34. Rxd6 Re4 35. R6d5 Qg6 36. Rd1 Qe8 37. R1d3 Qg6 38. Rd1 Qe8 39. R1d3 Qg6 1/2-1/2

[Event "1st Archibald 2019"]
[Site "Sochi"]
[Date "2019.05.14"]
[Round "3.14"]
[White "Eraschenkov, Denis"]
[Black "Bimiev, Ahmad"]
[Result "1-0"]
[ECO "B10"]
[WhiteElo "2391"]
[BlackElo "2196"]
[Annotator "NA RC"]
[PlyCount "74"]
[EventDate "2019.05.12"]
[EventType "swiss"]
[EventCountry "RUS"]
[SourceTitle "playchess.com"]
[Source "ChessBase"]
[SourceQuality "1"]
[TimeControl "5400+30"]

1. e4 c6 2. c4 d5 3. exd5 cxd5 4. cxd5 Nf6 5. Nc3 Nxd5 6. Bc4 Nxc3 {[%emt 0:08:53] B10: Caro-Kann: 2 d3 and 2 c4} 7. bxc3 Qc7 8. Qe2 Nd7 9. Nf3 e6 10. O-O Be7 11. d4 O-O 12. Bd2 (12. Bb2 b6 13. Bd3 Bb7 14. c4 Rfe8 15. Rac1 Qf4 16. Nd2 Nf6 17. g3 Qc7 18. f3 Rac8 19. Ne4 {½-½ (43) Timman,J (2573)-Gelfand,B (2737) Douglas 2017}) 12... Bf6 13. Bd3 $146 ({Predecessor:} 13. Rfe1 b6 14. Bd3 Bb7 15. Rac1 Rfe8 16. Ng5 Bxg5 17. Bxg5 e5 18. Qg4 Kh8 19. Qf5 {1-0 (67) Okhotnik,V (2442)-Rooze,J (2262) Acqui Terme 2015}) 13... g6 14. Qe4 Bg7 15. Rfe1 e5 16. Qh4 exd4 17. cxd4 Nf6 18. Bb4 Re8 19. Rxe8+ Nxe8 20. Re1 Nf6 (20... Bd7 $1 $11) 21. Be7 $14 Nd5 22. Bc5 Be6 23. Ng5 Nf6 24. Nxe6 Qa5 25. Rb1 fxe6 26. Bc4 Re8 27. Qh3 Nd5 28. Rxb7 Qe1+ 29. Bf1 Nf4 30. Qe3 Qxe3 31. fxe3 Nd5 32. e4 Nc3 33. e5 Nxa2 34. Bb5 Rd8 35. Bc4 Nc3 36. Bxe6+ Kh8 37. Rxa7 Nb5 1-0

[Event "1st Archibald 2019"]
[Site "Sochi"]
[Date "2019.05.14"]
[Round "3.19"]
[White "Najdin, Danil"]
[Black "Azimov, Ilyas"]
[Result "0-1"]
[ECO "B40"]
[WhiteElo "2314"]
[BlackElo "2223"]
[Annotator "RC"]
[PlyCount "112"]
[EventDate "2019.05.12"]
[EventType "swiss"]
[EventCountry "RUS"]
[SourceTitle "playchess.com"]
[Source "ChessBase"]
[SourceQuality "1"]
[TimeControl "5400+30"]

1. e4 c5 2. Nf3 e6 3. d4 cxd4 4. Nxd4 Nc6 5. Nxc6 bxc6 6. Bd3 Nf6 7. O-O d5 8. Bg5 Be7 9. Nc3 Nxe4 10. Bxe7 Nxc3 11. Qe1 Qxe7 12. Qxc3 O-O 13. Qxc6 Bb7 14. Qa4 e5 15. Rfe1 f5 16. Rad1 Qf6 17. f4 Qb6+ 18. Kf1 e4 19. Be2 Qh6 20. g3 Qxh2 21. Qb3 Qh1+ 22. Kf2 Qh2+ 23. Kf1 Rab8 24. Qe3 Ba8 25. b3 Rbd8 26. Rd4 Rf6 27. Qf2 Qh3+ 28. Qg2 Qh6 29. Kg1 g5 30. Rf1 Qg7 31. fxg5 Rg6 32. c3 Rxg5 33. Kh2 Rd6 34. g4 fxg4 35. Qg3 Qe5 36. Rf4 Rh6+ 37. Kg2 Rh3 38. Qf2 Rh2+ 39. Kxh2 g3+ 40. Qxg3 Rxg3 41. Kxg3 h5 42. Bxh5 Qxh5 43. Ra4 Qd1 44. Kh4 Bc6 45. Rg4+ Kf8 46. Rxa7 Qe1+ 47. Kg5 Qe3+ 48. Rf4+ Ke8 49. Raf7 Bd7 50. Kg6 Qg3+ 51. Kh6 e3 52. Rf8+ Ke7 53. R8f7+ Kd6 54. R4f6+ Be6 55. Ra7 Qh4+ 56. Kg6 Qg4+ 0-1

[Event "1st Archibald 2019"]
[Site "Sochi"]
[Date "2019.05.14"]
[Round "3.21"]
[White "Alexeev, Alexey"]
[Black "Yudkevich, Mikhail"]
[Result "1/2-1/2"]
[ECO "D42"]
[WhiteElo "2292"]
[BlackElo "1971"]
[Annotator "RC"]
[PlyCount "110"]
[EventDate "2019.05.12"]
[EventType "swiss"]
[EventCountry "RUS"]
[SourceTitle "playchess.com"]
[Source "ChessBase"]
[SourceQuality "1"]
[TimeControl "5400+30"]

1. e4 e6 2. d4 d5 3. Nd2 Nf6 4. Bd3 c5 5. c3 cxd4 6. cxd4 Nc6 7. Ngf3 dxe4 8. Nxe4 Bb4+ 9. Nc3 O-O 10. O-O b6 11. a3 Be7 12. Re1 Bb7 13. Bc2 Ba6 14. Be3 Rc8 15. Rc1 Na5 16. Bb1 Qd6 17. Ng5 Nc4 18. Nce4 Nxe4 19. Nxe4 Qd7 20. Qd3 g6 21. Bh6 Rfd8 22. Rcd1 Bb7 23. Bc1 Nd6 24. Ng3 Bf6 25. Be3 Bd5 26. f3 Bc4 27. Qd2 Bb3 28. Bg5 Bxg5 29. Qxg5 Bxd1 30. Rxd1 Ne8 31. Ba2 Rc7 32. Ne4 Rdc8 33. h4 Qa4 34. Rd2 Rc2 35. d5 exd5 36. Qxd5 R2c7 37. Qe5 Rd7 38. Bb3 Qc6 39. Rc2 Qb7 40. Rxc8 Qxc8 41. Ba4 Qc1+ 42. Kh2 Qc7 43. Qxc7 Rxc7 44. Bxe8 Rc2 45. b4 Ra2 46. a4 Rb2 47. b5 Rb4 48. Nc3 Rxh4+ 49. Kg3 Rc4 50. Nd5 Rxa4 51. Bc6 Kg7 52. f4 f5 53. Kf3 Ra3+ 54. Ne3 a6 55. bxa6 Rxa6 1/2-1/2

[Event "1st Archibald 2019"]
[Site "Sochi"]
[Date "2019.05.14"]
[Round "3.22"]
[White "Yandarbiev, Ruslan"]
[Black "Yakimenko, Alexander A."]
[Result "1/2-1/2"]
[ECO "C18"]
[WhiteElo "2279"]
[BlackElo "2059"]
[Annotator "NA RC"]
[PlyCount "129"]
[EventDate "2019.05.12"]
[EventType "swiss"]
[EventCountry "RUS"]
[SourceTitle "playchess.com"]
[Source "ChessBase"]
[SourceQuality "1"]
[TimeControl "5400+30"]

1. e4 e6 2. d4 d5 3. Nc3 Bb4 4. e5 c5 5. a3 Bxc3+ 6. bxc3 Qa5 7. Bd2 Qa4 8. Qg4 Kf8 9. Nf3 Nc6 10. h3 Nge7 11. Be2 Qxc2 12. dxc5 Ng6 13. Rc1 Qe4 14. Qxe4 dxe4 15. Ng5 Ncxe5 16. Nxe4 Bd7 17. O-O Bc6 18. Nd6 Ke7 19. f4 Nd7 20. f5 Nge5 21. fxe6 Kxe6 22. Nxf7 Nxf7 23. Bc4+ Bd5 24. Bxd5+ Kxd5 25. Rxf7 Nxc5 26. Rxg7 Rag8 27. c4+ Ke4 28. Re7+ Kd3 29. Bb4 b6 30. Bxc5 bxc5 31. Rd7+ Ke2 32. Rc2+ Ke3 33. Rc3+ Ke2 34. Rf3 h5 35. Rf5 Rg3 36. Re5+ Re3 37. Rde7 Rxe5 38. Rxe5+ Kd3 39. Rxc5 h4 40. Rc7 a5 41. c5 Kc4 42. Rg7 Kxc5 43. Rg5+ Kb6 44. a4 Rf8 45. Rg4 Rh8 46. Kf2 Kc5 47. Ke3 Rh7 48. Kf4 Rh5 49. Rg5+ Rxg5 50. Kxg5 Kb4 51. Kxh4 Kxa4 52. g4 Kb4 53. g5 a4 54. g6 a3 55. g7 a2 56. g8=Q a1=Q 57. Qg5 Qf1 58. Qg4+ Kc5 59. Kg5 Kd6 60. h4 Ke7 61. Qe4+ Kf8 62. Qa8+ Kg7 63. Qa7+ Qf7 64. Qd4+ Kg8 65. h5 1/2-1/2

[Event "1st Archibald 2019"]
[Site "Sochi"]
[Date "2019.05.14"]
[Round "4.11"]
[White "Isanzhulov, Arystan"]
[Black "Solozhenkin, Evgeniy"]
[Result "1-0"]
[ECO "B21"]
[WhiteElo "2254"]
[BlackElo "2441"]
[Annotator "ChessBase"]
[PlyCount "61"]
[EventDate "2019.05.12"]
[EventType "swiss"]
[EventCountry "RUS"]
[SourceTitle "playchess.com"]
[Source "ChessBase"]
[SourceQuality "1"]
[TimeControl "5400+30"]

1. e4 c5 2. d4 cxd4 3. c3 dxc3 4. Nxc3 Nc6 5. Nf3 e6 6. Bc4 Qc7 7. O-O Nf6 8. Nb5 Qb8 9. e5 Ng4 10. Bf4 a6 11. Nd6+ Bxd6 12. exd6 O-O 13. h3 Nf6 14. Ne5 Nxe5 15. Bxe5 Ne8 16. a4 b5 17. axb5 axb5 18. Rxa8 Qxa8 19. Bxb5 Bb7 20. Qa4 Bxg2 21. Qxa8 Bxa8 22. Bxd7 Nf6 23. Bxf6 gxf6 24. Rc1 Bb7 25. Rc7 Rb8 26. b4 Kf8 27. b5 Be4 28. Bc6 Bf5 29. b6 Bxh3 30. b7 e5 31. Bd7 1-0

[Event "1st Archibald 2019"]
[Site "Sochi"]
[Date "2019.05.14"]
[Round "4.13"]
[White "Pogosian, Manvel"]
[Black "Makoveev, Ilya"]
[Result "1/2-1/2"]
[ECO "D76"]
[WhiteElo "2388"]
[BlackElo "2290"]
[Annotator "NA"]
[PlyCount "77"]
[EventDate "2019.05.12"]
[EventType "swiss"]
[EventCountry "RUS"]
[SourceTitle "playchess.com"]
[Source "ChessBase"]
[SourceQuality "1"]
[TimeControl "5400+30"]

1. d4 Nf6 2. Nf3 g6 3. g3 Bg7 4. c4 O-O 5. Bg2 d5 6. cxd5 Nxd5 7. O-O Nc6 8. Nc3 Nb6 9. d5 Bxc3 {[%emt 0:11:36] D76: Fianchetto Grünfeld: Main Line with 7...Nb6} (9... Ne5 10. Nxe5 Bxe5 11. Bh6 Re8 12. Rc1 a6 13. e4 e6 14. f4 Bh8 15. e5 exd5 16. Nxd5 Nxd5 17. Qxd5 Qxd5 18. Bxd5 {1-0 (55) Li,C (2699)-Corrales Jimenez,F (2563) chess.com INT 2019}) 10. dxc6 Bg7 11. Qc2 bxc6 12. Rd1 Bf5 13. Qb3 Nd7 $146 ({Predecessor:} 13... Qe8 14. Nd4 Bd7 15. Qc2 Nd5 16. e4 Nb6 17. Be3 {½-½ (44) Valderrama Quiceno,E (2433)-Guerrero Sierra,J (2315) Medellin 2018}) 14. Nd4 Nc5 15. Qc4 Ne6 16. Be3 Nxd4 17. Bxd4 Bxd4 18. Rxd4 Qb8 19. b3 Qb6 20. Bxc6 Rad8 21. Rxd8 Rxd8 22. Bf3 e5 23. e3 Qf6 24. Rd1 ({Don't go for} 24. Qxc7 $2 e4 $19 {[%mdl 64] Discovered Attack}) 24... Rxd1+ 25. Bxd1 Qd6 26. Bg4 Bxg4 27. Qxg4 Kg7 28. Qc4 h5 29. h4 Kf8 30. a4 Ke7 31. a5 c6 32. b4 Qd1+ 33. Kh2 Qd5 34. Qa6 Qd7 35. Qc4 Qd5 36. Qa6 Qd7 37. Kg1 Qd1+ 38. Kg2 Qd5+ 39. Kh2 $11 1/2-1/2

[Event "1st Archibald 2019"]
[Site "Sochi"]
[Date "2019.05.14"]
[Round "4.15"]
[White "Azimov, Ilyas"]
[Black "Guseva, Marina"]
[Result "1-0"]
[ECO "B90"]
[WhiteElo "2223"]
[BlackElo "2402"]
[Annotator "ChessBase"]
[PlyCount "67"]
[EventDate "2019.05.12"]
[EventType "swiss"]
[EventCountry "RUS"]
[SourceTitle "playchess.com"]
[Source "ChessBase"]
[SourceQuality "1"]
[TimeControl "5400+30"]

1. e4 c5 2. Nf3 d6 3. d4 cxd4 4. Nxd4 Nf6 5. Nc3 a6 6. Nb3 Nbd7 7. g4 h6 8. Be3 b5 9. Bg2 Bb7 10. Qe2 e5 11. a3 Rc8 12. O-O-O Qc7 13. h4 g6 14. Bf3 Nb6 15. g5 hxg5 16. Bxb6 Qxb6 17. hxg5 Rxh1 18. Rxh1 Nd7 19. Bg4 Qd8 20. Qd2 Rc7 21. Bxd7+ Rxd7 22. Rh8 f6 23. f4 Rf7 24. fxe5 fxe5 25. Kb1 Qc7 26. Nd5 Rf1+ 27. Ka2 Qg7 28. Rh2 Be7 29. Nc7+ Kf7 30. Qd3 Rf4 31. Qh3 Qg8 32. Qe6+ Kf8 33. Qd7 Kf7 34. Rh7+ 1-0

[Event "1st Archibald 2019"]
[Site "Sochi"]
[Date "2019.05.14"]
[Round "4.17"]
[White "Bimiev, Ahmad"]
[Black "Zakaryan, David"]
[Result "1/2-1/2"]
[ECO "B20"]
[WhiteElo "2196"]
[BlackElo "2350"]
[Annotator "ChessBase"]
[PlyCount "84"]
[EventDate "2019.05.12"]
[EventType "swiss"]
[EventCountry "RUS"]
[SourceTitle "playchess.com"]
[Source "ChessBase"]
[SourceQuality "1"]
[TimeControl "5400+30"]

1. e4 c5 2. d3 Nc6 3. g3 d5 4. exd5 Qxd5 5. Nf3 Nd4 6. Bg2 Bh3 7. Bxh3 Nxf3+ 8. Kf1 Nd2+ 9. Kg1 Nf3+ 10. Kf1 Nd2+ 11. Kg1 Nxb1 12. Bg2 Qd7 13. Rxb1 Rc8 14. Qf3 b6 15. b3 e6 16. Bb2 Ne7 17. Qb7 Nf5 18. Qxd7+ Kxd7 19. Rd1 Bd6 20. Be4 Nd4 21. c3 Nc6 22. Kg2 Rhd8 23. h4 h5 24. Rhe1 Be7 25. d4 cxd4 26. cxd4 Bf6 27. Bf3 g6 28. Bxc6+ Rxc6 29. d5 exd5 30. Bxf6 Rxf6 31. Rxd5+ Rd6 32. Rxd6+ Kxd6 33. Rd1+ Ke7 34. Rxd8 Kxd8 35. Kf3 Ke7 36. Ke3 f6 37. f3 g5 38. Ke4 Ke6 39. f4 gxh4 40. gxh4 f5+ 41. Kd4 Kd6 42. a4 a6 1/2-1/2

[Event "1st Archibald 2019"]
[Site "Sochi"]
[Date "2019.05.14"]
[Round "4.19"]
[White "Ufimtsev, Egor"]
[Black "Alexeev, Alexey"]
[Result "1/2-1/2"]
[ECO "A28"]
[WhiteElo "2101"]
[BlackElo "2292"]
[Annotator "ChessBase"]
[PlyCount "89"]
[EventDate "2019.05.12"]
[EventType "swiss"]
[EventCountry "RUS"]
[SourceTitle "playchess.com"]
[Source "ChessBase"]
[SourceQuality "1"]
[TimeControl "5400+30"]

1. c4 e5 2. Nc3 Nf6 3. Nf3 Nc6 4. a3 e4 5. Ng5 Qe7 6. f3 exf3 7. Nxf3 Ne5 8. e4 d6 9. Be2 g6 10. d4 Nxf3+ 11. Bxf3 Bg7 12. O-O O-O 13. Bg5 Be6 14. d5 Bc8 15. Qd2 Qe5 16. Bf4 Qe8 17. Nb5 Qe7 18. c5 Ne8 19. cxd6 cxd6 20. Qb4 a5 21. Qd2 Bd7 22. a4 Be5 23. Rac1 b6 24. b3 Nf6 25. Bxe5 Qxe5 26. Qd4 Bxb5 27. Qxe5 dxe5 28. axb5 a4 29. bxa4 Rxa4 30. Rc6 Nxe4 31. Bxe4 Rxe4 32. Rd1 Rd8 33. d6 Rd4 34. Rxd4 exd4 35. Kf2 Kg7 36. Rxb6 Kf6 37. Rc6 Ke6 38. b6 Rb8 39. Ke2 Kd7 40. Rc7+ Kxd6 41. Rxf7 Rxb6 42. Kd3 Ke5 43. Re7+ Kd5 44. Rd7+ Ke5 45. Re7+ 1/2-1/2

[Event "1st Archibald 2019"]
[Site "Sochi"]
[Date "2019.05.14"]
[Round "4.21"]
[White "Yakimenko, Alexander A."]
[Black "Potapova, Margarita"]
[Result "0-1"]
[ECO "B51"]
[WhiteElo "2059"]
[BlackElo "2253"]
[Annotator "ChessBase"]
[PlyCount "86"]
[EventDate "2019.05.12"]
[EventType "swiss"]
[EventCountry "RUS"]
[SourceTitle "playchess.com"]
[Source "ChessBase"]
[SourceQuality "1"]
[TimeControl "5400+30"]

1. e4 c5 2. Nf3 d6 3. Bb5+ Nd7 4. O-O a6 5. Bxd7+ Bxd7 6. c4 Nf6 7. Nc3 g6 8. d3 Bg7 9. Bg5 O-O 10. Qd2 Re8 11. Bh6 Bh8 12. h3 b5 13. Rfe1 Rb8 14. Rad1 Qa5 15. e5 b4 16. Ne2 Nh5 17. g4 Ng7 18. Nf4 Bc6 19. Ng5 dxe5 20. Rxe5 f6 21. Re6 Bd7 22. Rde1 fxg5 23. Rxe7 Ne6 24. Rxd7 Nxf4 25. Ree7 Rxe7 26. Rxe7 Bf6 27. Qe3 Qd8 28. Re4 Bd4 29. Qf3 Qf6 30. h4 Nxd3 31. Qxf6 Bxf6 32. hxg5 Bd4 33. Re6 a5 34. b3 Ra8 35. Kg2 Nxf2 36. Kf3 Nd3 37. Ke4 Nc1 38. Kd5 Nxa2 39. Re7 a4 40. bxa4 b3 41. Kc6 b2 42. Re1 Nc1 43. Kb7 Rf8 0-1

[Event "1st Archibald 2019"]
[Site "Sochi"]
[Date "2019.05.14"]
[Round "4.22"]
[White "Dashko, Andrey"]
[Black "Toprover, Viktor G."]
[Result "1-0"]
[ECO "C00"]
[WhiteElo "2211"]
[BlackElo "2275"]
[Annotator "RC"]
[PlyCount "103"]
[EventDate "2019.05.12"]
[EventType "swiss"]
[EventCountry "RUS"]
[SourceTitle "playchess.com"]
[Source "ChessBase"]
[SourceQuality "1"]
[TimeControl "5400+30"]

1. e4 e6 2. d3 d5 3. Nd2 Nf6 4. Ngf3 Be7 5. g3 c5 6. Bg2 Nc6 7. O-O O-O 8. Qe2 Re8 9. Re1 Nb4 10. Nf1 b6 11. e5 Nd7 12. h4 Ba6 13. a3 Nc6 14. N1h2 Rc8 15. Ng4 c4 16. d4 Ndb8 17. c3 Na5 18. Bf4 Nb3 19. Rab1 Bb5 20. Qc2 Nd7 21. h5 a5 22. Kh2 Bc6 23. Bh3 b5 24. Rg1 Nf8 25. Be3 b4 26. axb4 axb4 27. Nh4 Ra8 28. f4 Ra2 29. f5 Bg5 30. Bxg5 Qxg5 31. Rg2 bxc3 32. Qxc3 Qxh5 33. Rf1 Bd7 34. Rgf2 Ra1 35. Rxa1 Nxa1 36. Ne3 Ra8 37. Bg4 Qh6 38. Kg2 Nb3 39. Bd1 Rb8 40. f6 g5 41. Nf3 Ng6 42. Rf1 Qf8 43. Rh1 h6 44. Ng4 Qb4 45. Nxh6+ Kf8 46. Nxg5 Qxc3 47. bxc3 Nd2 48. Bh5 Rb1 49. Ngxf7 Rxh1 50. Kxh1 Nxe5 51. Nxe5 Ba4 52. Ng6+ 1-0